[Event "Late-Titled-Tuesday-Blitz-January-16-2024"]
[Site "Chess.com"]
[Date "2024.01.16"]
[Round "8"]
[White "zverr1"]
[Black "diamonds13"]
[Result "1-0"]
[WhiteElo "2504"]
[BlackElo "2355"]
[TimeControl "180+1"]
[EndTime "15:29:21 PST"]
[Termination "zverr1 won by checkmate"]

1. e4 c5 2. Nf3 e6 3. b3 Nc6 4. Bb2 Nf6 5. e5 Nd5 6. g3 Nde7 7. Bg2 d6 8. exd6 Nf5 9. Nc3 Bxd6 10. Ne4 Be7 11.
O-O O-O 12. d3 f6 13. Re1 e5 14. a4 Nfd4 15. Nxd4 cxd4 16. Nd2 Be6 17. f4 Bd5 18.
fxe5 Bxg2 19. Kxg2 fxe5 20. Rf1 Bg5 21. Ne4 Be3 22. Ba3 Rxf1 23. Qxf1 a5 24. Qf5 Qc8 25. Rf1 Qxf5 26. Rxf5 Rc8 27. Nd6 Rc7 28. Ne8 Rf7 29. Rxf7 Kxf7 30. Nd6+ Ke6 31. Nxb7 Bd2 32. Nc5+ Kd5 33.
Ne4 Bb4 34. Bc1 Bc3 35. Ba3 Bb4 36. Bb2 Ne7 37. Kf3 Nf5 38. Ke2 Ne3 39. c3 dxc3 40. Nxc3+ Bxc3 41. Bxc3 Nf5 42. g4 Nh6 43. h3 Nf7 44.
Bxa5 Ng5 45. h4 Ne6 46. Bc3 Nf4+ 47. Ke3 Ng2+ 48. Kf2 Nxh4 49. a5 Ng6 50. a6 Kc6 51. b4 Kb6 52. b5 Nf8 53. Ba5+ Ka7 54. Bb4 Nd7 55. Ke3 Kb6 56. Ke4 Kxb5 57. a7 Nb6 58. Bd6 Kc6 59. Bxe5 g6 60. Bd4 Na8 61. Ke5 Nc7 62.
Kf6 Ne8+ 63. Ke7 Nc7 64. Be5 Na8 65. Kf7 Kd5 66. d4 g5 67. Kg7 Ke4 68. Kxh7 Kf3 69.
d5 Kxg4 70. d6 Kf5 71. d7 Ke6 72. d8=Q Kxe5 73. Qxa8 Kf4 74. Qg2 g4 75. a8=Q g3 76. Qae4+ Kg5 77. Qxg3+ Kh5 78. Qeh4# 1-0

[Event "Late-Titled-Tuesday-Blitz-January-16-2024"]
[Site "Chess.com"]
[Date "2024.01.16"]
[Round "8"]
[White "Redzishchess"]
[Black "HalfIsCrayfish"]
[Result "1-0"]
[WhiteElo "2490"]
[BlackElo "2594"]
[TimeControl "180+1"]
[EndTime "15:29:23 PST"]
[Termination "Redzishchess won by resignation"]

1. d4 Nf6 2. c4 g6 3. g3 Bg7 4.
Bg2 d5 5. cxd5 Nxd5 6. e4 Nb6 7. Ne2 c5 8. d5 e6 9. Nec3 exd5 10. exd5 Qe7+ 11.
Ne2 O-O 12. O-O Na6 13. a4 Nb4 14. Nec3 Bf5 15. Na3 Qd7 16. a5 Nc8 17. g4 Bxg4 18.
Qb3 Bh3 19. Bf4 h5 20. Ne4 Bxg2 21. Kxg2 Qf5 22. Qf3 Nxd5 23. Bg3 Qxf3+ 24. Kxf3 Bxb2 25. Rad1 Nce7 26. Nc4 Bd4 27. Bd6 Rfe8 28. Nxc5 Bxc5 29. Bxc5 Rac8 30. Nd6 Rxc5 31. Nxe8 Rc6 32. Rc1 Re6 33.
Nc7 Rf6+ 34. Kg3 Nf5+ 35. Kg2 Nf4+ 36. Kh1 Nh4 37. Rc4 Nf3 38. Ne8 Rf5 39. Nd6 Rf6 40. Ne8 Rf5 41. Nd6 Ne5 42. Rc8+ Kg7 43. Nxf5+ gxf5 44. Rb1 b6 45. a6 Nfd3 46. Ra8 Nxf2+ 47. Kg2 Ne4 48. Rxa7 f4 49. Rxf7+ Kxf7 50. a7 f3+ 51. Kf1 Ng4 52. a8=Q Ne3+ 53. Ke1 f2+ 54. Ke2 Nc3+ 55. Kxe3 Nxb1 56. Qf3+ 1-0

[Event "Late-Titled-Tuesday-Blitz-January-16-2024"]
[Site "Chess.com"]
[Date "2024.01.16"]
[Round "8"]
[White "Hikaru"]
[Black "VerdeNotte"]
[Result "1/2-1/2"]
[WhiteElo "3217"]
[BlackElo "2896"]
[TimeControl "180+1"]
[EndTime "15:29:25 PST"]
[Termination "Game drawn by repetition"]

1. Nf3 Nf6 2. b3 g6 3. Bb2 Bg7 4. d4 O-O 5. e3 d6 6. c4 Nbd7 7. Be2 e5 8. dxe5 Ng4 9. O-O Ndxe5 10. Nc3 Nxf3+ 11. Bxf3 Ne5 12. Be2 Re8 13. Rc1 Bd7 14.
Qd2 Bg4 15. Rfd1 Qh4 16. Nd5 Rac8 17. Bc3 c6 18. Nf4 Bxe2 19. Qxe2 Ng4 20. h3 Nxe3 21. fxe3 Qxf4 22. Rd3 Qe4 23. Bxg7 Kxg7 24. Qd2 Re6 25.
Rf1 Rc7 26. Rf3 Qe5 27. Rd4 h5 28. Qf2 Kg8 29. Rdf4 Ree7 30. Rf6 Qa1+ 31. Kh2 Qe5+ 32. Kh1 a5 33. Qh4 d5 34. c5 Qa1+ 35. Rf1 Qe5 36. Rd6 Rcd7 37. Rdf6 Qxe3 38. R6f3 Qxc5 39. Qg5 Qd6 40. Qd2 Re6 41. Qxa5 d4 42. Rd3 Kg7 43.
Qg5 Qe5 44. Qd2 Qe2 45. Rc1 Qxd2 46. Rxd2 d3 47. Kg1 Re2 48. Rcd1 Rxd2 49. Rxd2 Kf6 50. Kf2 Kg5 51. Ke3 Kh4 52. Kf4 g5+ 53. Kf5 Rd5+ 54. Ke4 g4 55. Kf4 Rd4+ 56. Ke5 Rd5+ 57. Kf4 Rd4+ 58.
Ke5 Rd8 59. Kf4 Rd4+ 1/2-1/2

[Event "Late-Titled-Tuesday-Blitz-January-16-2024"]
[Site "Chess.com"]
[Date "2024.01.16"]
[Round "8"]
[White "Incognito_Knight"]
[Black "Zkid"]
[Result "1/2-1/2"]
[WhiteElo "2755"]
[BlackElo "2915"]
[TimeControl "180+1"]
[EndTime "15:29:26 PST"]
[Termination "Game drawn by agreement"]

1. e4 c5 2. d4 cxd4 3. Qxd4 Nc6 4. Qd3 Nf6 5. Nc3 g6 6. Nf3 Bg7 7. Be2 O-O 8. O-O d6 9. Nd5 Nxd5 10. exd5 Ne5 11.
Nxe5 Bxe5 12. c3 a6 13. Bh6 Re8 14. Rae1 e6 15. f4 Bf6 16. Kh1 exd5 17. Bf3 Be6 18.
Bxd5 Bxd5 19. Qxd5 Qb6 20. f5 Qc5 21. Qxb7 Qxf5 22.
Qxa8 Rxa8 23. Rxf5 gxf5 24. g3 Rb8 25. Re2 Be5 26.
Kg2 f6 27. Kf3 Kf7 28. Bc1 h5 29. c4 a5 30. b3 a4 31. Re3 h4 32. gxh4 Rh8 33.
bxa4 Rxh4 34. Ra3 Rxc4 35. Be3 Rh4 36. a5 f4 37. Bc1 Rh3+ 38. Kg2 Rh8 39. a6 Ra8 40.
Ra4 Ke6 41. Kf3 Kd5 42. Bxf4 Kc6 43. Bxe5 fxe5 44. a7 Kb5 45. Ra3 d5 46. Ke2 Kb4 47.
Ra6 Kb5 48. Ra3 Kb4 49. Ra6 Kb5 50. Rd6 Rxa7 51. Rxd5+ Kc4 52. Rxe5 Rxa2+ 53. Kf3 Rxh2 54. Re4+ Kc3 55. Re3+ Kc2 56. Re7 1/2-1/2

[Event "Late-Titled-Tuesday-Blitz-January-16-2024"]
[Site "Chess.com"]
[Date "2024.01.16"]
[Round "8"]
[White "pirulillo"]
[Black "The_Straightforward_Rook"]
[Result "0-1"]
[WhiteElo "2288"]
[BlackElo "2471"]
[TimeControl "180+1"]
[EndTime "15:29:26 PST"]
[Termination "The_Straightforward_Rook won on time"]

1. e4 c6 2. Nc3 d5 3. Nf3 dxe4 4.
Nxe4 Nf6 5. Nxf6+ exf6 6. d4 Bd6 7. Bd3 O-O 8. O-O Bg4 9. c3 Na6 10. h3 Bh5 11. g4 Bg6 12. Nh4 Nc7 13. f4 Bxd3 14.
Qxd3 Nd5 15. a3 Qc7 16. Ng2 b5 17. b3 Rfe8 18. c4 bxc4 19. bxc4 Ne7 20. c5 Rad8 21. Qf3 Nd5 22. cxd6 Qxd6 23. a4 Qb4 24. Rd1 Nc3 25. Rd3 Ne2+ 26. Kh2 Nxd4 27. Qd1 c5 28. Ba3 Qb6 29.
Rc1 Ne6 30. Rxd8 Rxd8 31. Qc2 Qc6 32. f5 Nd4 33. Qxc5 Nf3+ 34. Kg3 Qe4 35. Qe7 Qd3 36. Rc3 Qd4 37. Rxf3 h5 38. Qe3 Qxa4 39. Be7 Re8 40. g5 Qd7 41. gxf6 gxf6 42. Nf4 Rxe7 43. Qg1 Qxf5 44.
Kh4+ Kf8 45. Kg3 Re4 46. Qxa7 Qg5+ 47. Kf2 Kg7 0-1

[Event "Late-Titled-Tuesday-Blitz-January-16-2024"]
[Site "Chess.com"]
[Date "2024.01.16"]
[Round "8"]
[White "JCVanDamme10"]
[Black "VitorBronson"]
[Result "0-1"]
[WhiteElo "2356"]
[BlackElo "2577"]
[TimeControl "180+1"]
[EndTime "15:29:30 PST"]
[Termination "VitorBronson won on time"]

1. e4 c5 2. Nf3 d6 3. d4 cxd4 4. Nxd4 Nf6 5. Nc3 a6 6. Be2 e5 7.
Nb3 Be7 8. O-O Be6 9. f4 Qc7 10.
Kh1 Nbd7 11. f5 Bc4 12. Bg5 h6 13. Bh4 O-O 14. Bxc4 Qxc4 15. Qf3 Rfe8 16. Rad1 b5 17. a3 a5 18. Qd3 Qxd3 19. Rxd3 b4 20. axb4 axb4 21.
Bxf6 Nxf6 22. Nd5 Nxd5 23. Rxd5 Rec8 24. Rd2 Ra2 25. Rb1 Rc4 26. Re2 Ra7 27. g3 Rac7 28.
Rc1 Bg5 29. Rd1 Rxc2 30. Rxc2 Rxc2 31. Rxd6 Rxb2 32. Nc5 b3 33. Rb6 Rb1+ 34. Kg2 b2 35. Na4 Bc1 36. Nc3 Ra1 37. Rb8+ Kh7 38. h4 Bd2 39.
Rxb2 Bxc3 40. Rb5 Bd4 41. Rb7 f6 42. g4 Rg1+ 43. Kf3 Rh1 44. g5 hxg5 45. hxg5 fxg5 46. f6 Rf1+ 47. Kg4 Rxf6 48. Kxg5 Rf4 49. Kh5 Rxe4 50. Kg5 Re1 51. Kf5 e4 52. Kf4 e3 53. Kf3 Rf1+ 54. Ke2 Rf2+ 55. Ke1 Bc3+ 56. Kd1 e2+ 57. Kc2 e1=Q+ 0-1

[Event "Late-Titled-Tuesday-Blitz-January-16-2024"]
[Site "Chess.com"]
[Date "2024.01.16"]
[Round "8"]
[White "Durarbayli"]
[Black "ninguno46"]
[Result "0-1"]
[WhiteElo "2835"]
[BlackElo "2578"]
[TimeControl "180+1"]
[EndTime "15:29:32 PST"]
[Termination "ninguno46 won by resignation"]

1. c4 e5 2. Nc3 Nf6 3. g3 Bb4 4. Bg2 O-O 5. e4 a6 6. Nge2 Nc6 7. O-O Bc5 8. d3 d6 9. h3 h6 10. Kh2 Rb8 11. a4 Nd4 12. f4 c6 13. Nxd4 Bxd4 14. Ne2 Ba7 15. b3 Re8 16. Bb2 Bc5 17. Qc2 Qe7 18.
Rf3 b5 19. Raf1 bxc4 20. bxc4 Qb7 21. Bc3 Qe7 22. Qd2 Kh7 23. fxe5 dxe5 24. Rxf6 gxf6 25. g4 Rg8 26. Ng3 Rg6 27. Nh5 Qe6 28. Rf5 Be7 29.
Ng3 c5 30. Qe3 Qd6 31. Rh5 Rb3 32. Nf5 Bxf5 33. exf5 Rg5 34. Rxg5 hxg5 35. Qd2 e4+ 36.
Kg1 Qxd3 37. Qxd3 exd3 38. Bd2 Rb2 39. Bc3 d2 40. Bf3 Rb1+ 41. Kf2 d1=Q 42. Bxd1 Rxd1 43. Ke3 Rc1 44. Kd3 Rh1 45. Ke4 Rxh3 46. Ba5 Rg3 47. Kd5 Rxg4 48. Bc7 Rd4+ 49. Kc6 Rxc4 50. Kd7 Rxa4 51.
Kxe7 Rf4 52. Kxf6 Rf1 53. Kxg5 c4 54. Be5 c3 55. Bxc3 Rf3 56. Bb4 Kg8 57. Kf6 Rf1 58. Ke5 Rb1 59. Bd6 a5 60. Kd4 a4 61. Kc3 Rb3+ 62.
Kc2 Rf3 63. Kb2 Rxf5 64. Ka3 Rd5 65. Bc7 Rd4 66. Bb6 Rc4 0-1

[Event "Late-Titled-Tuesday-Blitz-January-16-2024"]
[Site "Chess.com"]
[Date "2024.01.16"]
[Round "8"]
[White "MITerryble"]
[Black "Zhigalko_Sergei"]
[Result "0-1"]
[WhiteElo "3028"]
[BlackElo "2988"]
[TimeControl "180+1"]
[EndTime "15:29:34 PST"]
[Termination "Zhigalko_Sergei won by checkmate"]

1. d4 Nf6 2. Nf3 e6 3. c4 b6 4. g3 Ba6 5. Qa4 Bb7 6. Bg2 c5 7. dxc5 bxc5 8. O-O Be7 9. Nc3 O-O 10. Rd1 Qb6 11. Bf4 Rd8 12. Qb5 d6 13. h3 Qc7 14. g4 a6 15. Qa4 Nc6 16. e3 h6 17.
Rd2 Rd7 18. Rad1 Rad8 19. Qc2 Qb6 20. b3 Nb4 21. Qb1 Nc6 22. Qc2 Nb4 23. Qb1 Nc6 24.
g5 hxg5 25. Nxg5 Nb4 26. Nce4 Bxe4 27. Bxe4 d5 28. cxd5 Nbxd5 29. Bxd5 exd5 30. Be5 g6 31. Qc2 Nh5 32. Nf3 Qe6 33. Kg2 Bf8 34. Bh2 Nf6 35. Ng5 Qc6 36. Nf3 Qe6 37. Ng5 Qc6 38. Nf3 Qb7 39.
Re2 Ne4 40. Kg1 Bg7 41. Rde1 Nc3 42. Rd2 d4 43. Ne5 Bxe5 44. Bxe5 Ne4 45. Rdd1 Ng5 46. f4 Nf3+ 47. Kf2 dxe3+ 48. Kxe3 Nxe1 49. Rxe1 Qb5 50. Qc4 Rd3+ 51. Kf2 Rd2+ 52. Kg3 Qxc4 53. bxc4 R8d3+ 54. Kh4 Rh2 55. Bf6 Rhxh3+ 56. Kg4 Rdg3# 0-1

[Event "Late-Titled-Tuesday-Blitz-January-16-2024"]
[Site "Chess.com"]
[Date "2024.01.16"]
[Round "8"]
[White "vugarrasulov"]
[Black "dropstoneDP"]
[Result "0-1"]
[WhiteElo "2968"]
[BlackElo "3024"]
[TimeControl "180+1"]
[EndTime "15:29:37 PST"]
[Termination "dropstoneDP won on time"]

1. d4 d5 2. c4 dxc4 3. Nf3 Nf6 4.
e3 e6 5. Bxc4 c5 6. O-O Nc6 7.
Nc3 a6 8. a3 b5 9. Ba2 Bb7 10. d5 exd5 11. Nxd5 Nxd5 12. Bxd5 Bd6 13. e4 O-O 14. a4 Qc7 15. axb5 axb5 16. Rxa8 Bxa8 17. g3 Ne5 18. Bxa8 Rxa8 19. Nxe5 Bxe5 20. b3 c4 21. bxc4 bxc4 22. Be3 c3 23. Qd5 Rd8 24. Qb3 Rb8 25. Qd5 c2 26. Rc1 h6 27. Kg2 Rb1 28. Rxc2 Qxc2 29. Qxe5 Qc4 30. Kf3 Rd1 31. Qe8+ Kh7 32.
Qe5 Rd8 33. h4 Qc6 34. Qf5+ Kg8 35. Kg2 Re8 36. Kf3 h5 37. Qd5 Qg6 38. Bf4 Qg4+ 39.
Kg2 Qe2 40. e5 Qg4 41. Qf3 Qxf3+ 42. Kxf3 Ra8 43. Be3 Kh7 44. Ke4 Ra4+ 45. Kf5 Ra6 46. Bd4 Ra4 47. Be3 Kg8 48. Kg5 g6 49. Kf6 Ra6+ 50. Kg5 Kf8 51. Kf4 Ke7 52. g4 Ra4+ 53. Kg3 Rxg4+ 54. Kh3 Ke6 55. f4 Kf5 56. Bd2 Rxf4 57.
Bxf4 Kxf4 0-1

[Event "Late-Titled-Tuesday-Blitz-January-16-2024"]
[Site "Chess.com"]
[Date "2024.01.16"]
[Round "8"]
[White "Maxfan2008"]
[Black "varunkrishnanchess"]
[Result "0-1"]
[WhiteElo "2518"]
[BlackElo "2639"]
[TimeControl "180+1"]
[EndTime "15:29:37 PST"]
[Termination "varunkrishnanchess won by resignation"]

1. e4 e5 2. Nf3 Nc6 3. d4 exd4 4.
c3 dxc3 5. Nxc3 Bb4 6. Bc4 d6 7. Qb3 Qe7 8. O-O Bxc3 9. bxc3 Nf6 10. e5 Nxe5 11. Nxe5 dxe5 12. Ba3 c5 13. Qb5+ Nd7 14. Rad1 O-O 15. Rfe1 a6 16. Qb1 b5 17.
Bd5 Rb8 18. c4 Bb7 19. cxb5 axb5 20. Bb2 c4 21. Re3 Rfd8 22. Bxb7 Rxb7 23. Bxe5 Nxe5 24.
Rxe5 Rbd7 25. Rde1 Qxe5 26. Rxe5 Rd1+ 27. Re1 Rxb1 28.
Rxb1 Rb8 29. Kf1 Kf8 30. Rb4 Ke7 31. a4 Kd6 32. axb5 Kc5 33. Rb1 Rxb5 34. Rc1 Rb6 35. Ke2 Rd6 36. f3 Kb4 37. Rb1+ Kc3 38. Rc1+ Kb3 39. Rb1+ Kc2 40. Rb7 Re6+ 41. Kf2 Rf6 42. Rc7 c3 43. g4 Kb2 44. Ke3 c2 45. Rb7+ Kc3 46. Rc7+ Kb3 47. Rb7+ Kc3 48. Rc7+ Kb2 49.
Rb7+ Kc1 50. g5 Re6+ 51. Kf2 Kd2 52. Rd7+ Kc3 53. Rc7+ Kb3 54. Rb7+ Ka3 55. Ra7+ Kb2 56. Rb7+ Ka1 57. Ra7+ Kb1 58. Rb7+ Kc1 59. f4 Rd6 60. Ke3 Kd1 0-1

[Event "Late-Titled-Tuesday-Blitz-January-16-2024"]
[Site "Chess.com"]
[Date "2024.01.16"]
[Round "8"]
[White "AmanteDeMoi"]
[Black "wild3000"]
[Result "1-0"]
[WhiteElo "2588"]
[BlackElo "2398"]
[TimeControl "180+1"]
[EndTime "15:29:37 PST"]
[Termination "AmanteDeMoi won by checkmate"]

1. Nf3 d5 2. e3 e6 3. b3 Nf6 4.
Bb2 Be7 5. Be2 O-O 6. O-O b6 7. c4 Bb7 8. d3 c5 9. Nbd2 Nc6 10. a3 Re8 11. Qc2 Bf8 12. Ne5 Nxe5 13. Bxe5 Nd7 14. Bb2 e5 15. cxd5 Bxd5 16. Bf3 Nf6 17. Bxd5 Qxd5 18. e4 Qd7 19. Nc4 Bd6 20. f4 exf4 21.
e5 Bxe5 22. Nxe5 Qf5 23. Rae1 Nd5 24. Qc4 Rad8 25. Nc6 Rc8 26. Nxa7 Ra8 27. Bc1 g5 28.
Nb5 Red8 29. Qe4 Qf6 30. Rf2 Ra5 31. Bb2 Qg6 32. Qe5 f6 33. Qe6+ Qf7 34. Qc6 Qd7 35. Qxd7 Rxd7 36. a4 Nb4 37. Bxf6 Nxd3 38. Rd1 Nxf2 39.
Rxd7 Ne4 40. Be5 Ra8 41. Nc7 Rc8 42. Nd5 c4 43. Ne7+ Kf7 44. Nxc8+ Ke6 45. Rd1 cxb3 46. Nxb6 Kxe5 47. Rb1 Kd4 48. Rxb3 Kc5 49. a5 g4 50. a6 Nd2 51. Rc3+ Kd4 52. a7 Kxc3 53. a8=Q Ne4 54.
Qxe4 Kd2 55. Nc4+ Kc1 56. Qxf4+ Kc2 57. Qd2+ Kb3 58. Qb2+ Kxc4 59. Qg7 Kd3 60. Qxh7+ Ke3 61. g3 Kf3 62. Qd3# 1-0

[Event "Late-Titled-Tuesday-Blitz-January-16-2024"]
[Site "Chess.com"]
[Date "2024.01.16"]
[Round "8"]
[White "brm72"]
[Black "Atousa"]
[Result "1-0"]
[WhiteElo "2690"]
[BlackElo "2464"]
[TimeControl "180+1"]
[EndTime "15:29:38 PST"]
[Termination "brm72 won on time"]

1. e4 e5 2. Nf3 Nc6 3. d4 exd4 4. Nxd4 Bc5 5. Nb3 Bb6 6. Qe2 d6 7. Nc3 Nge7 8. Be3 Bxe3 9. Qxe3 O-O 10. O-O-O Be6 11.
f4 Bxb3 12. axb3 Re8 13. Bc4 Na5 14. Bd3 a6 15. g4 Ng6 16. h4 d5 17. Qg3 d4 18. Ne2 c5 19. h5 Nf8 20. g5 Rc8 21. f5 c4 22. bxc4 Nxc4 23. Bxc4 Rxc4 24. e5 Qd5 25. e6 Qe4 26. Qd3 Qxd3 27. Rxd3 fxe6 28.
Nxd4 exf5 29. Nxf5 Rc5 30. Rf1 Rce5 31. Kd2 Re2+ 32.
Kd1 R2e5 33. Rdf3 Rd8+ 34. Kc1 Re2 35. h6 g6 36. Ng3 Re7 37. Rf4 Rde8 38. Kd2 Ne6 39.
Rg4 Nc5 40. Rff4 Re5 41. b4 Rd8+ 42. Kc3 Na4+ 43. Kb3 Nb6 44. Ne4 Nd5 45. Rf3 Rde8 46. Nc5 Re3+ 47. Rxe3 Rxe3+ 48. Kc4 Nb6+ 49. Kd4 Re2 50. Kd3 Re7 51. Re4 Kf7 52. Rxe7+ Kxe7 53. Nxb7 Nd5 54. c3 Nf4+ 55. Ke3 Ne6 56. c4 Nxg5 57.
Nc5 Nf7 58. Nxa6 Nxh6 59. b5 Nf7 60. c5 Nd8 61. Kd4 g5 62. Kd5 g4 63. c6 Ne6 64. b6 g3 65. b7 g2 66. b8=Q g1=Q 67.
Qd6+ Kf7 68. Qxe6+ Kg7 69. c7 Qd1+ 70. Kc6 Qc2+ 71.
Nc5 Qg2+ 72. Qe4 Qg5 73. Ne6+ 1-0

[Event "Late-Titled-Tuesday-Blitz-January-16-2024"]
[Site "Chess.com"]
[Date "2024.01.16"]
[Round "8"]
[White "Lennis93"]
[Black "ThaBarWa"]
[Result "0-1"]
[WhiteElo "2683"]
[BlackElo "2411"]
[TimeControl "180+1"]
[EndTime "15:29:38 PST"]
[Termination "ThaBarWa won on time"]

1. d4 e6 2. e4 d5 3. Nc3 Nf6 4. Bg5 Bb4 5. e5 h6 6. Bc1 Ne4 7. Ne2 c5 8. a3 Ba5 9. dxc5 Nxc3 10. Nxc3 Bxc3+ 11. bxc3 Qc7 12. Be3 Qxe5 13. Qd4 Nc6 14.
Qxe5 Nxe5 15. Bd4 f6 16. Bxe5 fxe5 17. Rb1 Kd8 18. c4 d4 19. Bd3 Kc7 20. Be4 Rb8 21. Kd2 Bd7 22. Rhe1 Rhf8 23. f3 b6 24. cxb6+ Rxb6 25. c5 Rxb1 26. Rxb1 Bc6 27. Kd3 Rf4 28. Re1 Bxe4+ 29.
Rxe4 Rf5 30. c3 dxc3 31. Ra4 e4+ 32. fxe4 Rxc5 33. Kc2 a5 34. Rd4 Kc6 35. Rd3 e5 36. h4 h5 37. Rg3 Kb5 38. Rxg7 Kc4 39. Rd7 a4 40. Rd3 Rb5 41. Rxc3+ Kd4 42. Rc7 Rb3 43. Rh7 Rc3+ 44. Kd2 Rg3 45. Rd7+ Kxe4 46. Ra7 Rxg2+ 47. Ke1 Kf3 48. Rxa4 e4 49. Ra8 Rg1+ 50. Kd2 e3+ 51. Kd3 Rd1+ 52. Kc2 e2 53. Rf8+ Kg3 54.
Rg8+ Kxh4 55. Re8 e1=Q 56. Rxe1 Rxe1 57. a4 Ra1 58. Kb3 Kg3 59. Kb2 Rxa4 0-1

[Event "Late-Titled-Tuesday-Blitz-January-16-2024"]
[Site "Chess.com"]
[Date "2024.01.16"]
[Round "8"]
[White "Bauman_Guy"]
[Black "GoltsevDmitry2000"]
[Result "0-1"]
[WhiteElo "2890"]
[BlackElo "2756"]
[TimeControl "180+1"]
[EndTime "15:29:39 PST"]
[Termination "GoltsevDmitry2000 won by resignation"]

1. e4 e6 2. d4 d5 3. Nc3 Nf6 4. Bg5 dxe4 5. Nxe4 Be7 6. Nxf6+ Bxf6 7. Bxf6 Qxf6 8. Nf3 O-O 9. Qd3 Nc6 10. Qe3 Nb4 11. Qd2 a5 12. c3 Nd5 13. Bc4 Nf4 14. O-O b6 15. Qe3 Bb7 16. Rfe1 Nh3+ 17. Kf1 Bxf3 18. Qxf3 Qxf3 19. gxf3 Nf4 20. Re4 g5 21. Ke1 Rad8 22.
Kd2 Kg7 23. h4 h6 24. Rg1 Kf6 25. Ke3 Rg8 26. a4 Rg7 27. Bb3 Rgg8 28. Bc4 Rg7 29. b4 axb4 30. cxb4 Ra8 31. hxg5+ hxg5 32. Ra1 Rh7 33. a5 bxa5 34. bxa5 Rhh8 35. Re5 Rhb8 36. Rb5 Rd8 37. a6 Ng2+ 38. Kd3 Nf4+ 39. Kc3 Ke7 40. a7 Kd6 41. Ra6+ c6 42. Rbb6 Rdc8 43. Kb4 Rc7 44. Bb5 Nd5+ 45. Ka5 Nxb6 46. Kxb6 cxb5 47.
Kxb5+ Kd5 48. Kb6 Rcxa7 49. Rxa7 Rxa7 50. Kxa7 Kxd4 51. Kb7 Kd3 52. Kc6 Ke2 53. Kd6 Kxf3 54. Ke7 Kxf2 55. Kxf7 g4 56. Kf6 g3 0-1

[Event "Late-Titled-Tuesday-Blitz-January-16-2024"]
[Site "Chess.com"]
[Date "2024.01.16"]
[Round "8"]
[White "sebastianmarinp"]
[Black "Rgoltsman"]
[Result "0-1"]
[WhiteElo "2409"]
[BlackElo "2247"]
[TimeControl "180+1"]
[EndTime "15:29:39 PST"]
[Termination "Rgoltsman won on time"]

1. d4 Nf6 2. c4 g6 3. Nc3 Bg7 4. g3 O-O 5. Bg2 d6 6. e4 e5 7. Nge2 Nc6 8. O-O a5 9. d5 Ne7 10. h3 h6 11. Be3 Nh7 12. Qd2 g5 13. f4 exf4 14. gxf4 gxf4 15. Bxf4 h5 16. Ng3 h4 17. Nh5 Ng6 18. Nxg7 Nxf4 19. Rxf4 Kxg7 20. Raf1 Qg5 21. Kh1 Bd7 22. Qf2 f6 23. Ne2 Rae8 24. Nd4 Qg3 25. Rxh4 Qxf2 26. Rxf2 Ng5 27. Kh2 Rh8 28. Rxh8 Rxh8 29.
Nf5+ Kg6 30. Kg3 Re8 31. Nh4+ Kg7 32. Rf4 a4 33. Nf5+ Kg6 34. h4 Nf7 35. Rg4+ Kh5 36. Rg7 Ne5 37. Bf3+ Nxf3 38. Kxf3 Bxf5 39. exf5 Kxh4 40.
Rxc7 Kg5 41. Rxb7 Rc8 42. Rb4 Ra8 43. a3 Kxf5 44. Ke3 Ke5 45. Kd3 f5 46. Rb7 Rh8 47. Kc3 Rh3+ 48. Kc2 Rh2+ 49. Kc3 Rh3+ 50. Kc2 Rh2+ 51.
Kb1 Kd4 52. Rc7 f4 53. c5 dxc5 54. d6 Ke5 55. d7 Rd2 56. Rxc5+ Ke6 57. Rc4 f3 58.
Rf4 f2 59. Ka2 Kxd7 0-1

[Event "Late-Titled-Tuesday-Blitz-January-16-2024"]
[Site "Chess.com"]
[Date "2024.01.16"]
[Round "8"]
[White "smotherhubbard"]
[Black "babero_gordo"]
[Result "1-0"]
[WhiteElo "2315"]
[BlackElo "1968"]
[TimeControl "180+1"]
[EndTime "15:29:40 PST"]
[Termination "smotherhubbard won by resignation"]

1. d4 g6 2. e4 Bg7 3. Be3 d6 4. Nc3 a6 5. Qd2 b5 6. Bd3 Bb7 7. Nf3 Nd7 8. O-O Rc8 9. a4 b4 10. Ne2 a5 11. Ng3 c5 12. c3 Ngf6 13. Bh6 O-O 14.
Bxg7 Kxg7 15. Qg5 e6 16. Rfe1 h6 17. Qd2 e5 18. Nh4 Ng8 19. Ngf5+ Kh7 20. Re3 Qf6 21. Bb5 Bc6 22. Bxc6 Rxc6 23. d5 Rc7 24. Rg3 Nb6 25.
Qe2 Ne7 26. Nxe7 Rxe7 27. Qg4 Nd7 28. Nf3 h5 29. Rh3 Kg7 30. Qg3 Qf4 31. Ng5 Qxg3 32. Rxg3 Nf6 33. f3 h4 34. Rh3 Rh8 35. g3 hxg3 36.
hxg3 Rxh3 37. Nxh3 Nh5 38. Kg2 f5 39. Nf2 fxe4 40.
Nxe4 Rd7 41. Rf1 Nf6 42. Nxf6 Kxf6 43. f4 e4 44. Re1 Re7 45. g4 g5 46. Kg3 e3 47.
Kf3 e2 48. fxg5+ Kxg5 49. Rxe2 Rxe2 50. Kxe2 Kxg4 51. Kd3 Kf4 52. Kc4 Ke5 53. Kb5 bxc3 54. bxc3 Kxd5 55. Kxa5 Kc4 56. Kb6 Kxc3 57. a5 c4 58. a6 d5 59. a7 d4 60. a8=Q d3 61. Qd5 d2 62. Kc5 Kc2 63. Qxc4+ Kd1 64. Kd4 Ke1 65. Qc3 Ke2 66. Qe3+ Kd1 67. Kd3 Kc1 68. Qxd2+ 1-0

[Event "Late-Titled-Tuesday-Blitz-January-16-2024"]
[Site "Chess.com"]
[Date "2024.01.16"]
[Round "8"]
[White "jk13"]
[Black "Championnn-9"]
[Result "0-1"]
[WhiteElo "2678"]
[BlackElo "2551"]
[TimeControl "180+1"]
[EndTime "15:29:42 PST"]
[Termination "Championnn-9 won by resignation"]

1. e4 c5 2. c3 Nf6 3. e5 Nd5 4. Bc4 Nb6 5. Bb3 d5 6. exd6 exd6 7. Nf3 Be7 8. O-O O-O 9. d4 cxd4 10. Nxd4 Nc6 11. Re1 Bf6 12. Be3 Re8 13. Nb5 d5 14. N1a3 Be6 15. Nc2 Ne5 16. Bf4 Ng6 17. Bg3 Re7 18.
Ne3 a6 19. Nd4 Qd7 20. f4 Bxd4 21. Qxd4 Nc4 22. f5 Bxf5 23. Nxd5 Rxe1+ 24. Rxe1 Na5 25. Bc2 Nc6 26. Bxf5 Qxf5 27. Qe4 Qxe4 28. Rxe4 Rd8 29. c4 f5 30. Re1 Nd4 31. Kf2 Rf8 32. Bd6 Rd8 33.
c5 Nc6 34. b4 Kf7 35. Kf3 Re8 36. Rxe8 Kxe8 37. a3 Kf7 38. Ke3 Ke6 39. Nf4+ Nxf4 40.
Kxf4 h6 41. h4 g6 42. Bf8 h5 43. Kg5 Kf7 44. Bd6 Nd4 45. Kf4 Nc2 46. Ke5 Nxa3 47.
Kd5 Nc2 48. Kc4 Ne3+ 49. Kd4 Nxg2 50. Bg3 f4 51. Bf2 Kf6 52. Ke4 g5 53. Bd4+ Kg6 54.
hxg5 Kxg5 55. Kf3 Nh4+ 56. Ke4 Nf5 57. Be5 Ng3+ 58. Kf3 Nf5 59. Bxf4+ Kg6 60. Be3 Nxe3 61. Kxe3 Kg5 62. Ke4 Kg4 63. Ke5 h4 64. Kd6 h3 65.
Kc7 h2 66. Kxb7 h1=Q+ 67. c6 Qd5 68. Kb6 Qb5+ 69. Ka7 Qxc6 70. Kb8 Qd7 71. Ka8 Kf5 72.
Kb8 Ke5 0-1

[Event "Late-Titled-Tuesday-Blitz-January-16-2024"]
[Site "Chess.com"]
[Date "2024.01.16"]
[Round "8"]
[White "Yaacovn"]
[Black "Angry_Twin"]
[Result "1-0"]
[WhiteElo "2920"]
[BlackElo "2971"]
[TimeControl "180+1"]
[EndTime "15:29:43 PST"]
[Termination "Yaacovn won by resignation"]

1. d4 Nf6 2. e3 d5 3. Bd3 Nbd7 4. f4 g6 5. Nf3 Bg7 6. O-O O-O 7. Nbd2 c5 8. c3 Rb8 9. Ne5 Qc7 10. Qe2 Ne8 11. b3 Nd6 12. Ba3 b6 13. Rac1 Bb7 14. c4 dxc4 15.
Ndxc4 Nxe5 16. fxe5 Nxc4 17. Bxc4 e6 18. Rfd1 Rfd8 19. Bb5 Qe7 20. Qf2 Qg5 21. h4 Qe7 22. Be2 Rbc8 23. Rf1 h5 24. Bf3 Bxf3 25. Qxf3 Rd7 26.
g3 Rdc7 27. Rfd1 Kh7 28. Kg2 Qe8 29. dxc5 bxc5 30. Bb2 a5 31. Rc4 Rd8 32. Rd6 Rcd7 33. Rxd7 Qxd7 34. Rc2 Qa7 35. Rf2 Rd7 36. Qc6 Rc7 37.
Qe4 a4 38. Qxa4 Qxa4 39. bxa4 Ra7 40. a3 Kg8 41. Rc2 Bf8 42. Rc4 Be7 43. Bc3 Kf8 44. a5 Ke8 45. e4 Kd7 46. a4 Kc6 47. Bb4 Rb7 48. Bc3 Rb3 49. a6 Rb6 50. a5 Rxa6 51. Ra4 Kb5 52. Ra1 Bd8 53. Rb1+ Kc6 54. Ra1 Kb5 55.
Rb1+ Kc4 56. Be1 Bxa5 57. Bxa5 Rxa5 58. Rb7 Kd4 59. Kf3 Ra3+ 60. Kf4 Ra1 61. Rd7+ Kc3 62.
Ke3 Rf1 63. Ke2 Rg1 64. Kf2 Rd1 65. Rxd1 c4 66. Ke3 Kc2 67. Rd7 c3 68. Rc7 Kb2 69. Kd3 1-0

[Event "Late-Titled-Tuesday-Blitz-January-16-2024"]
[Site "Chess.com"]
[Date "2024.01.16"]
[Round "8"]
[White "Fh2411"]
[Black "cassoulet"]
[Result "1-0"]
[WhiteElo "2618"]
[BlackElo "2759"]
[TimeControl "180+1"]
[EndTime "15:29:43 PST"]
[Termination "Fh2411 won by checkmate"]

1. d4 Nf6 2. Nf3 g6 3. Bf4 Bg7 4. e3 O-O 5. h3 d6 6. Be2 Nbd7 7. O-O c5 8. c3 a6 9. a4 b6 10. Na3 Bb7 11. Bh2 Qc7 12. Qb3 Bc6 13. Rfd1 Qb7 14. Nc4 Bd5 15. dxc5 Nxc5 16. Qxb6 Qc8 17. Nxd6 exd6 18.
Bxd6 Nfd7 19. Qb4 a5 20. Qa3 Bb3 21. Rd2 Re8 22. Bb5 Be6 23. Nd4 Ne4 24. Rdd1 Nxd6 25.
Qxd6 Bf8 26. Qg3 Ra7 27. Nxe6 Rxe6 28. Rd3 Ne5 29. Rd5 Nc4 30. b3 Nb6 31. Rd3 Qc7 32.
Qg4 h5 33. Qf3 Bg7 34. Rad1 Ra8 35. c4 Rf8 36. Qe2 Be5 37. Qd2 Qa7 38. Qc2 Bb8 39.
Qd2 Qc7 40. f4 Qc5 41. Qf2 Re7 42. Kh1 Kg7 43. Qf3 Re6 44. e4 Rf6 45. e5 Bxe5 46. Rd5 Bxf4 47. Rxc5 Bd6 48. Qd5 Bxc5 49.
Qxc5 Rc8 50. Qd4 Rc7 51. Rf1 Rc6 52. Bxc6 Nd7 53. Bxd7 Kh6 54. Qxf6 h4 55. Qxh4+ Kg7 56. Qf6+ Kh6 57. Qxf7 Kh5 58. Bg4+ Kh4 59. Qh7+ Kg3 60. Bd1 g5 61. Qg6 g4 62. Qxg4# 1-0